 Dungeon Crawl Stone Soup version 0.26.1-11-gd32895ea62 (webtiles) character file.

Game seed: 14604321680593716885

76 Zeld the Skirmisher (level 4, -3/33 HPs)
             Began as an Octopode Fighter on May 10, 2021.
             Slain by 3t5h's ghost (9 damage)
             ... on level 3 of the Dungeon.
             The game lasted 00:03:31 (2093 turns).

Zeld the Skirmisher (Octopode Fighter)              Turns: 2093, Time: 00:03:31

Health: -3/33      AC:  1    Str: 16    XL:     4   Next: 32%
Magic:  4/4        EV: 11    Int: 10    God:
Gold:   64         SH:  9    Dex: 11    Spells: 3/3 levels left

rFire    . . .     SeeInvis .   a - +0 war axe
rCold    . . .     Faith    .   b - +0 kite shield
rNeg     . . .     Spirit   .   (helmet restricted)
rPois    .         Reflect  .   (no amulet)
rElec    .         Harm     .   (no ring)
rCorr    .         Rampage  .   (no ring)
Will     .....                  (no ring)
Stlth    ++........             (no ring)
HPRegen  0.11/turn              (no ring)
MPRegen  0.09/turn              (no ring)
                                (no ring)
                                (no ring)

@: mighty
A: almost no armour, stealthy swim, amphibious, 8 rings, constrict 8, camouflage
1, gelatinous body 1
a: no special abilities


You were on level 3 of the Dungeon.
You visited 1 branch of the dungeon, and saw 3 of its levels.

You collected 64 gold pieces.

Inventory:

Hand Weapons
 a - a +0 war axe (weapon)
Armour
 b - a +0 kite shield (worn)
Jewellery
 e - an uncursed ring of protection from cold {unknown}
 f - a +6 ring of strength {unknown}
Wands
 r - a wand of acid (6)
Scrolls
 d - 2 scrolls of blinking {unknown}
 h - 3 scrolls of identify {unknown}
 j - a scroll of amnesia {unknown}
 k - 2 scrolls of fear {unknown}
 l - 2 scrolls of remove curse {unknown}
 o - a scroll of magic mapping {unknown}
Potions
 g - a potion of cancellation {unknown}
 i - a potion of lignification {unknown}
 m - 2 potions of flight {unknown}
 n - a potion of mutation {unknown}
 p - 3 potions of curing {unknown}
 q - a potion of brilliance {unknown}


   Skills:
 * Level 3.7 Fighting
 * Level 3.0 Axes
 - Level 3.0 Dodging
 * Level 3.7 Shields


You had 3 spell levels left.
You didn't know any spells.
Your spell library was empty.

Dungeon Overview and Level Annotations

Branches:
Dungeon (3/15)

Altars:
Uskayaw

Annotations:
D:3 3t5h's ghost, amateur DrTm


Innate Abilities, Weirdness & Mutations

You cannot wear most types of armour.
You are very stealthy in the water. (Stealth+)
You are amphibious.
You can wear up to eight rings at the same time.
You can use your tentacles to constrict eight enemies at once.
Your skin changes colour to match your surroundings (Stealth+).
Your rubbery body absorbs attacks. (AC +1, EV +1)


Message History

You block 3t5h's ghost's attack.
You completely miss 3t5h's ghost. 3t5h's ghost is heavily damaged. 3t5h's ghost closely misses you. 3t5h's ghost hits you.
You barely miss 3t5h's ghost. 3t5h's ghost is heavily damaged. 3t5h's ghost hits you!
* * * LOW HITPOINT WARNING * * *
3t5h's ghost hits you.
* * * LOW HITPOINT WARNING * * *
Press: ? - help, v - describe, . - travel
Here: 3t5h's ghost (heavily damaged)
The floor.
Unknown command. 3t5h's ghost screams, "Don't try to defend!
You have no chance!"
You block 3t5h's ghost's attack.
You can't go up here!
There is a stone staircase leading up here. 3t5h's ghost hits you!
You die...

#.....<)#
#.#####.# #.# #.#
#.# #.# #.# #.#
###.#####.#
..........#
###.##############
#l#........r.W@#
#r#.############
#.#.# #.#r# #...#
#.### ###


You could see 3t5h's ghost and a rat.

Vanquished Creatures
  2 adders
  2 worms (D:2)
  A dart slug (D:2)
  A giant cockroach (D:2)
  4 goblins
  6 hobgoblins
  9 jackals
  5 kobolds
  A quokka (D:2)
  A ball python (D:2)
  4 bats
  3 frilled lizards
  10 rats
49 creatures vanquished.

Notes
Turn   | Place    | Note
-------+----------+-------------------------------------------
     0 | D:1      | Zeld the Octopode Fighter began the quest for the Orb.
     0 | D:1      | Reached XP level 1. HP: 16/16 MP: 1/1
   261 | D:1      | Reached XP level 2. HP: 17/21 MP: 2/2
  1003 | D:1      | Reached XP level 3. HP: 12/26 MP: 3/3
  1554 | D:2      | Found a hide-covered altar of Uskayaw.
  1612 | D:2      | Reached XP level 4. HP: 22/33 MP: 4/4
  2010 | D:3      | Found a runed translucent gate.
  2011 | D:3      | Found a runed translucent gate.
  2011 | D:3      | Found a runed translucent gate.
  2012 | D:3      | Noticed 3t5h's ghost (amateur DrTm)
  2093 | D:3      | Slain by 3t5h's ghost

Illustrated notes

Levels and vault maps discovered:
D:1:      dpeg_arrival_tiny_d, layout_basic, minmay_pentomino_r4
D:2:      layout_rooms, eat_drink_and_be_merry_uskayaw, minmay_crystal_room,
          kennysheep_nondescript
D:3:      layout_basic, gammafunk_ghost_split, uniq_robin

Skill      XL: |  1  2  3  4 |
---------------+-------------+-----
Axes           | 3 |  3.0
Fighting       | |  3.7
Dodging        | |  3.0
Shields        | |  3.7

Action                   |  1- 3 |  4- 6 || total
-------------------------+-------+-------++-------
Melee: War axe           |    68 |    18 ||    86
       Constrict         |    18 |     4 ||    22
       Tentacles         |    10 |     5 ||    15
  Use: Potion            |       |     1 ||     1
 Stab: Sleeping          |     2 |     2 ||     4
Armor: Skin              |     4 |     1 ||     5
Dodge: Dodged            |    40 |     9 ||    49
Block: Kite shield       |    31 |    13 ||    44
